 Dungeon Crawl Stone Soup version 0.27.1-33-g824d729ab1 (webtiles) character file.

Game seed: 9848543953979451820

27 Descartes the Grasshopper (level 2, 0/13 HPs)
             Began as a Felid Warper on Nov 28, 2021.
             Constricted to death by a ball python (1 damage)
             ... on level 1 of the Dungeon.
             The game lasted 00:01:44 (1146 turns).

Descartes the Grasshopper (Felid Warper)            Turns: 1146, Time: 00:01:44

Health: 0/13       AC:  1    Str:  7    XL:     2   Next: 93%
Magic:  6/6        EV: 15    Int: 14    God:
Gold:   29         SH:  0    Dex: 15    Spells: 5/5 levels left
                                        Lives:  0   Deaths: 0

rFire    . . .     SeeInvis +     - Unarmed
rCold    . . .     Faith    .   (shield unavailable)
rNeg     . . .     Spirit   .   (armour unavailable)
rPois    .         Reflect  .   (helmet unavailable)
rElec    .         Harm     .   (cloak unavailable)
rCorr    .         Rampage  .   (gloves unavailable)
Will     .....                  (boots unavailable)
Stlth    ++........             (no amulet)
HPRegen  0.04/turn              (no ring)
MPRegen  0.10/turn              (no ring)

@: constricted, quick
A: very small, claws 1, fangs 3, see invisible, speed 1, shaggy fur 1, stealthy
paws, no weapons or thrown items, no armour, multi-lived
a: no special abilities


You were on level 1 of the Dungeon.
You visited 1 branch of the dungeon, and saw 2 of its levels.

You collected 29 gold pieces.

Inventory:

Scrolls
 a - a scroll of blinking
 b - a scroll of enchant weapon {unknown}
 c - 2 scrolls of identify {unknown}
Potions
 d - a potion of might {unknown}
 e - a potion of curing {unknown}


   Skills:
 - Level 2.0 Fighting
 + Level 3.9 Dodging
 + Level 2.1 Stealth
 + Level 2.5 Unarmed Combat
 - Level 2.0 Spellcasting
 - Level 4.4 Translocations


You had 5 spell levels left.
You didn't know any spells.
Your spell library contained the following spells:

 Spells                   Type           Power      Damage    Failure   Level
 Blink                    Tloc           N/A        N/A       6%          2
 Gell's Gravitas          Tloc           6%         N/A       12%         3
 Lesser Beckoning         Tloc           6%         N/A       12%         3
 Teleport Other           Tloc           13%        N/A       12%         3
 Manifold Assault         Tloc           13%        N/A       73%         5


Dungeon Overview and Level Annotations

Branches:
Dungeon (2/15)

Altars:


Innate Abilities, Weirdness & Mutations

You have sharp claws.
You have razor-sharp teeth.
You have supernaturally acute eyesight. (SInv)
You cover ground quickly. (Speed+)
You are covered in fur. (AC +1)
Your paws help you pounce on unaware monsters.
You are incapable of wielding weapons or throwing items.
You cannot wear armour.
You gain extra lives every three experience levels.


Message History

You see here a +0 club.
A goblin is nearby!
There is a stone staircase leading down here.
You climb downwards.
Found a scale mail.
There is a stone staircase leading up here.
You are too injured to fight recklessly!
You pounce on the unaware helpless endoplasm!
You claw the endoplasm!
You kill the endoplasm!
There is a stone staircase leading up here.
You start resting.
A goblin comes into view. It is wielding a +0 dagger.
You climb upwards.
There is a stone staircase leading down here.
The ball python hisses angrily.
The goblin hits you with a +0 dagger.
* * * LOW HITPOINT WARNING * * *
You see here a +0 club.
There is a stone staircase leading down here.
You climb downwards.
Found an escape hatch in the ceiling.
There is a stone staircase leading up here.
The hobgoblin shouts!
A jackal comes into view.
The hobgoblin closely misses you.
A jackal comes into view.
You barely miss the hobgoblin.
The jackal barks!
Your bite misses the hobgoblin. The hobgoblin closely misses you.
There is a stone staircase leading up here.
The hobgoblin hits you.
* * * LOW HITPOINT WARNING * * *
You climb upwards.
The goblin misses you.
The frilled lizard completely misses you.
There is a stone staircase leading down here.
The frilled lizard completely misses you.
The ball python closely misses you. The ball python grabs you.
The ball python constricts you.
You die...

###### #### ##....# #...
#.....# #...
###..g..#############...
#....gl@S......l......).
#.#####...g.........)(g.
#####.## #################.
#...lg)# #..............#.
#...........##..............#.
#...........##...)..........#.
#...........##..#####.####..#.
#...(..##....#..# #.# #..#.
#...... ###.#..# #.# #..#.


You could see 2 hobgoblins, a goblin, a ball python and a frilled lizard.

Vanquished Creatures
  A dart slug (D:1)
  2 bats (D:1)
  3 endoplasms
  A giant cockroach (D:1)
  4 goblins (D:1)
  A hobgoblin (D:1)
  2 quokkas (D:1)
  5 ball pythons (D:1)
  A frilled lizard (D:1)
  2 kobolds (D:1)
  A rat (D:1)
23 creatures vanquished.

Notes
Turn   | Place    | Note
-------+----------+-------------------------------------------
     0 | D:1      | Descartes the Felid Warper began the quest for the Orb.
     0 | D:1      | Reached XP level 1. HP: 9/9 MP: 4/4
    60 | D:1      | Reached skill level 1 in Stealth
    67 | D:1      | Reached XP level 2. HP: 2/13 MP: 6/6
   790 | D:1      | Found a faded altar of an unknown god.
  1146 | D:1      | Constricted to death by a ball python

Illustrated notes

Levels and vault maps discovered:
D:1:      dpeg_arrival_boxes_within_box, layout_basic,
          shapermc_ecumenical_altar_mp_vishouse
D:2:      layout_basic, st_stairs_13

Skill      XL: |  1  2 |
---------------+-------+-----
Stealth        | 1 2 |  2.1
Fighting       | |  2.0
Dodging        | |  3.9
Unarmed Combat | |  2.5
Spellcasting   | |  2.0
Translocations | |  4.4

Action                   || total
-------------------------++-------
Melee: Unarmed           ||    60
       Bite              ||     3
 Stab: Sleeping          ||     5
Armor: Skin              ||     3
Dodge: Dodged            ||    69
